 Dungeon Crawl Stone Soup version 0.30-a0-591-g3c58d2bc28 (webtiles) character file.

Game seed: 10516827337372695570

8 Shayle the Conjurer (level 2, 18/22 HPs)
             Began as a Demonspawn Reaver on Jan 5, 2023.
             Quit the game on level 1 of the Dungeon.
             The game lasted 00:01:04 (97 turns).

Shayle the Conjurer (Demonspawn Reaver)               Turns: 97, Time: 00:01:05

Health: 18/22      AC:  3    Str: 12    XL:     2   Next: 0%
Magic:  5/5        EV: 11    Int: 14    God:
Gold:   0          SH:  0    Dex: 11    Spells: 4/5 levels left

rFire   . . .      SeeInvis .    a - +0 spear
rCold   . . .      Faith    .    (no shield)
rNeg    . . .      Spirit   .    b - +0 leather armour
rPois   .          Reflect  .    (no helmet)
rElec   .          Harm     .    (no cloak)
rCorr   .          Rampage  .    (no gloves)
Will    .....                    (no boots)
Stlth   +                        (no amulet)
HPRegen 0.23/turn                (no ring)
MPRegen 0.09/turn                (no ring)

@: no status effects
A: demonic touch 1
a: no special abilities


You were on level 1 of the Dungeon.
You visited 1 branch of the dungeon, and saw 1 of its levels.

Inventory:

Hand Weapons
 a - a +0 spear (weapon)
Armour
 b - a +0 leather armour (worn)
Scrolls
 c - a scroll of enchant armour {unknown}


   Skills:
 + Level 2.2 Fighting
 - Level 2.6 Polearms
 + Level 2.0 Dodging
 - Level 2.0 Spellcasting
 - Level 3.0 Conjurations
 + Level 0.6 Necromancy
 + Level 0.4 Earth Magic


You had 4 spell levels left.
You knew the following spells:

 Your Spells              Type           Power      Damage    Failure   Level
a - Kiss of Death         Conj/Necr      24%        2d7       14%         1

Your spell library contained the following spells:

 Spells                   Type           Power      Damage    Failure   Level
 Momentum Strike          Conj/Tloc      10%        3d8       24%         2
 Hailstorm                Conj/Ice       5%         3d4       43%         3


Dungeon Overview and Level Annotations

Branches:
Dungeon (1/15)

Altars:


Innate Abilities, Weirdness & Mutations

Your touch may inflict minor irresistible damage on your foes.


Message History

The bat hits you but does no damage.
You closely miss the bat. The bat hits you.
You reach to attack!
You barely miss the bat. The bat barely misses you.
You hit the bat.
You kill the bat!
No target in view!
A kobold comes into view. It is wielding a +0 short sword.
Found a scroll labelled ETAISE JI LIRCH.
The kobold shouts!
You reach to attack!
You hit the kobold.
You kill the kobold!
No target in view!
No target in view!
There is a stone staircase leading down here.
c - a scroll labelled ETAISE JI LIRCH
Things that are here:
a +0 short sword; 2 stones; a kobold corpse A hobgoblin and 2 ball pythons come into view.
Found a scroll labelled YRELEF ZOWKOPP.
The hobgoblin shouts!
The ball python hisses angrily. x2
You hit the ball python.
The ball python is moderately wounded.
The ball python bites you but does no damage.
The ball python barely misses you.
You hit the ball python.
You kill the ball python!
You closely miss the hobgoblin.
The hobgoblin hits you but does no damage.
You barely miss the hobgoblin. The hobgoblin hits you.
You hit the hobgoblin.
The hobgoblin is moderately wounded.
The hobgoblin hits you.
You hit the hobgoblin.
You kill the hobgoblin!
Your Dodging skill increases to level 2!
You have reached level 2!
You feel monstrous as your demonic heritage exerts itself.
Your demonic ancestry asserts itself...
Your hands begin to faintly glow with unholy energy.
Are you sure you want to abandon this character and quit the game? (Confirm with "yes".)

.###.# #.##.# .....?#
##.#.# ....#.# ##..#
.S....# ##.## ...S..#
#...########### ..g...#
##..#..†....(...# ....#.#
#.#...##..#>....###......#
.#######..#)....@S...# ##
#..#.....###### #..####..#
# #........# # ##.......#
# ######### # .


You could see a ball python.

Vanquished Creatures
  2 bats (D:1)
  A goblin (D:1)
  A hobgoblin (D:1)
  2 kobolds (D:1)
  A ball python (D:1)
  A frilled lizard (D:1)
8 creatures vanquished.

Notes
Turn   | Place    | Note
-------+----------+-------------------------------------------
     0 | D:1      | Shayle the Demonspawn Reaver began the quest for the Orb.
     0 | D:1      | Reached XP level 1. HP: 16/16 MP: 3/3
    97 | D:1      | Discovered your monstrous ancestry.
    97 | D:1      | Gained mutation: Your touch may inflict minor irresistible
                  | damage on your foes. [demonic ancestry]
    97 | D:1      | Reached XP level 2. HP: 18/22 MP: 5/5
    97 | D:1      | Quit the game

Illustrated notes

Levels and vault maps discovered:
D:1:      lightli_arrival_boilingwater, layout_loops_cross

Skill      XL: |  1 |
---------------+----+-----
Dodging        | 2 |  2.0
Fighting       | |  2.2
Polearms       | |  2.6
Spellcasting   | |  2.0
Conjurations   | |  3.0
Necromancy     | |  0.6
Earth Magic    | |  0.4

Action                   || total
-------------------------++-------
Melee: Spear             ||    31
Armor: Leather armour    ||     7
Dodge: Dodged            ||    13

Table legend: (Time is in decaauts)
 A = Elapsed time spent in this place.
 B = Non-inter-level travel time spent in this place.
 C = Inter-level travel time spent in this place.
 D = Time resting spent in this place.
 E = Time spent auto-exploring this place.
 F = Levels seen in this place.
 G = Mean time per level.
                   A        B        C        D        E       F      G
               +--------+--------+--------+--------+--------+-----+--------+
         Total |     98 |     98 |      0 |      0 |     40 |   1 |   98.0 |
       Dungeon |     98 |     98 |      0 |      0 |     40 |   1 |   98.0 |
               +--------+--------+--------+--------+--------+-----+--------+

Top non-repeatable levels by time:
     D:1: 98 daAuts
